[Event "Titled Tuesday Blitz February 01 A 2022"]
[White "Cunjalo, Faris"]
[Black "Gelman, Alexander"]
[WhiteFideId "14410710"]
[BlackFideId "4118316"]
[WhiteElo "2869"]
[BlackElo "2685"]
[Result "1-0"]
[Round "08"]
[TimeControl "180+1"]
[Date "2022.02.01"]
[WhiteClock "0:00:28"]
[BlackClock "0:00:04"]

1. d4 Nf6 2. c4 c5 3. d5 b5 4. cxb5 a6 5. e3 g6 6. Nc3 Bg7 7. Nf3 O-O 8. a4 e6 9. dxe6 fxe6 10. Qd6 Bb7 11. Be2 axb5 12. Bxb5 Na6 13. O-O Nc7 14. Be2 Ncd5 15. Nxd5 Bxd5 16. Qxc5 Ne4 17. Qc2 Rc8 18. Qd1 g5 19. Nd2 Nc5 20. a5 g4 21. Bxg4 Qg5 22. e4 Ba8 23. Nc4 Qd8 24. Nb6 Bxe4 25. Nxc8 Qxc8 26. Be3 Nd3 27. Be2 Nxb2 28. Qb3 d5 29. a6 Nc4 30. a7 Bxa1 31. Rxa1 Nxe3 32. Qxe3 Qb7 33. Qg5+ Kh8 34. Qe5+ Kg8 35. Qxe6+ Kh8 36. Qe5+ Kg8 37. Bg4 Ra8 38. Be6+ Kf8 39. Qf6+ Ke8 40. h3 Rxa7 41. Rxa7 Qxa7 42. Qh8+ Ke7 43. Qg7+ 1-0


[Site "https://www.chess.com"]

[Event "Titled Tuesday Blitz February 01 A 2022"]
[White "Demchenko, Anton"]
[Black "Narayanan.S.L"]
[WhiteFideId "4160258"]
[BlackFideId "5058422"]
[WhiteElo "2903"]
[BlackElo "2834"]
[Result "0-1"]
[Round "08"]
[TimeControl "180+1"]
[Date "2022.02.01"]
[WhiteClock "0:00:04"]
[BlackClock "0:00:09"]

1. e4 c5 2. Nf3 d6 3. d4 cxd4 4. Qxd4 a6 5. Be2 Nc6 6. Qe3 Bg4 7. Nbd2 e6 8. h3 Bh5 9. O-O Nf6 10. Rd1 Qc7 11. a3 Be7 12. Nf1 O-O 13. Ng3 Bg6 14. Nh4 Rfd8 15. Nxg6 hxg6 16. b3 d5 17. Bb2 d4 18. Qd2 e5 19. Bd3 Rac8 20. Qe2 Bd6 21. h4 Qe7 22. Bc1 Nb8 23. h5 gxh5 24. Nxh5 Nbd7 25. Bg5 g6 26. Nxf6+ Nxf6 27. Qf3 Kg7 28. g4 Rh8 29. Kg2 Qe6 30. Kg3 Be7 31. Bd2 Nh7 32. Rh1 Ng5 33. Qe2 Qf6 34. Kg2 Ne6 35. b4 Nf4+ 36. Bxf4 Qxf4 37. Qf3 Qg5 38. Qg3 Qf6 39. Qf3 Qe6 40. Rxh8 Rxh8 41. Rh1 Rxh1 42. Kxh1 Bg5 43. Kg2 b5 44. Qe2 Bf4 45. f3 Qf6 46. Qe1 Qe7 47. a4 bxa4 48. Bxa6 a3 49. Bc4 Qc7 50. Bb3 Qd8 51. b5 Qh8 52. b6 Qh2+ 53. Kf1 Qh1+ 54. Ke2 Qg2+ 55. Kd3 Qxf3+ 56. Kc4 Qxg4 57. Qb4 Qc8+ 58. Kb5 g5 59. Qc4 Qd7+ 60. Qc6 Qd8 61. Qc7 Qe8+ 62. Ka6 a2 63. Bxa2 Qa4+ 64. Kb7 Qxa2 65. Kc8 Qe6+ 66. Kb8 g4 67. b7 g3 68. Ka8 g2 69. b8=Q Qa6+ 70. Qba7 Qxa7+ 71. Kxa7 g1=Q 72. Kb7 Qg6 0-1


[Site "https://www.chess.com"]

[Event "Titled Tuesday Blitz February 01 A 2022"]
[White "Fayzullaev, Akmal"]
[Black "Kosakowski, Jakub"]
[WhiteFideId "14200554"]
[BlackFideId "1185080"]
[WhiteElo "2228"]
[BlackElo "2476"]
[Result "1-0"]
[Round "08"]
[TimeControl "180+1"]
[Date "2022.02.01"]
[WhiteClock "0:02:06"]
[BlackClock "0:00:52"]

1. e4 c5 2. Nf3 e6 3. d4 cxd4 4. Nxd4 Nc6 5. Nc3 Nge7 6. Ndb5 Ng6 7. Nd6+ Bxd6 8. Qxd6 a6 9. Be3 Qe7 10. Bc5 Qxd6 11. Bxd6 b5 12. a4 b4 13. Na2 a5 14. c3 bxc3 15. Nxc3 f6 16. Nb5 Kf7 17. Bc4 Nge5 18. Be2 Nb4 19. O-O Bb7 20. Bxe5 fxe5 21. Nd6+ Ke7 22. Nxb7 Nc2 23. Rac1 Nd4 24. Bb5 Rhb8 25. Rc7 Nxb5 26. axb5 Ra7 27. Rd1 Rd8 28. b6 1-0


[Site "https://www.chess.com"]

[Event "Titled Tuesday Blitz February 01 A 2022"]
[White "Gaehwiler, Gabriel"]
[Black "Dobrov, Vladimir"]
[WhiteFideId "1314530"]
[BlackFideId "4136594"]
[WhiteElo "2709"]
[BlackElo "2803"]
[Result "0-1"]
[Round "08"]
[TimeControl "180+1"]
[Date "2022.02.01"]
[WhiteClock "0:00:02"]
[BlackClock "0:00:14"]

1. d4 Nf6 2. c4 e6 3. g3 d5 4. Bg2 Bb4+ 5. Bd2 Be7 6. Nf3 O-O 7. Qc2 Nbd7 8. O-O c6 9. Rc1 b6 10. Qa4 Bb7 11. cxd5 exd5 12. Bb4 c5 13. dxc5 bxc5 14. Ba5 Nb6 15. Qd1 Qd6 16. Na3 Rac8 17. Ne1 Rfe8 18. Rc2 Bf8 19. Rd2 Ne4 20. Rc2 Qf6 21. e3 g6 22. Rac1 h5 23. Nb5 Nc4 24. Bc3 Qb6 25. Bxe4 Rxe4 26. Na3 Nxa3 27. bxa3 d4 28. exd4 cxd4 29. Bb4 Rce8 30. Nd3 Bh6 31. Bd2 Bxd2 32. Qxd2 R4e7 33. Nc5 Ba8 34. f3 Bxf3 35. Qxd4 Ba8 36. Nb3 Qb7 0-1


[Site "https://www.chess.com"]

[Event "Titled Tuesday Blitz February 01 A 2022"]
[White "Garcia Martin, Marta"]
[Black "Atakhan, Abtin"]
[WhiteFideId "32084030"]
[BlackFideId "22502203"]
[WhiteElo "2102"]
[BlackElo "2119"]
[Result "0-1"]
[Round "08"]
[TimeControl "180+1"]
[Date "2022.02.01"]
[WhiteClock "0:00:03"]
[BlackClock "0:00:02"]

1. Nf3 d5 2. e3 Nf6 3. c4 c6 4. Nc3 e6 5. Qc2 Bd6 6. b3 e5 7. cxd5 cxd5 8. Nb5 Nc6 9. Nxd6+ Qxd6 10. Bb2 O-O 11. d4 Nb4 12. Qd1 e4 13. Nd2 Bg4 14. f3 exf3 15. gxf3 Bf5 16. Kf2 Nc2 17. Rc1 Rac8 18. Be2 Qe7 19. Nf1 Rfe8 20. Qd2 Rc6 21. Bb5 Nb4 22. Bxc6 Nd3+ 23. Qxd3 Bxd3 24. Bxe8 Nxe8 25. Ng3 g6 26. h4 h5 27. Rc5 Nf6 28. Ba3 Qe6 29. Rhc1 Qa6 30. Rc8+ Kh7 31. Be7 Qxa2+ 32. Kg1 Nd7 33. R1c7 Bb5 34. Rd8 Qd2 35. Rcxd7 Bxd7 36. Rxd7 Qxe3+ 37. Kg2 Qd2+ 38. Kh3 Qxd4 39. Bg5 Kg8 40. Rd8+ Kg7 41. Kg2 Qb2+ 42. Kh3 Qxb3 43. Bf4 Qxf3 44. Be5+ f6 45. Rd7+ Kf8 46. Bd6+ Ke8 47. Re7+ Kd8 48. Rg7 Qg4+ 49. Kg2 Qe6 50. Bf4 d4 51. Kf2 d3 52. Kf3 Qd5+ 53. Ke3 d2 54. Ne4 d1=Q 55. Nxf6 Q5d3+ 56. Kf2 Q3f3# 0-1


[Site "https://www.chess.com"]

[Event "Titled Tuesday Blitz February 01 A 2022"]
[White "Grandelius, Nils"]
[Black "Terry, Renato"]
[WhiteFideId "1710400"]
[BlackFideId "3803457"]
[WhiteElo "2875"]
[BlackElo "2767"]
[Result "1-0"]
[Round "08"]
[TimeControl "180+1"]
[Date "2022.02.01"]
[WhiteClock "0:00:19"]
[BlackClock "0:00:01"]

1. Nf3 Nf6 2. g3 d5 3. Bg2 c6 4. O-O Bg4 5. h3 Bh5 6. c4 e6 7. cxd5 cxd5 8. Qb3 Qb6 9. Qxb6 axb6 10. Nc3 Bxf3 11. Bxf3 Nc6 12. d3 Bb4 13. Be3 Bc5 14. Bd2 Kd7 15. Rfc1 Rhc8 16. Bg2 h6 17. Kf1 Bd4 18. e3 Be5 19. f4 Bd6 20. e4 dxe4 21. dxe4 e5 22. Rd1 Ke7 23. Nd5+ Nxd5 24. exd5 Nd4 25. Bc3 f6 26. Bxd4 exd4 27. Rxd4 Rc2 28. Re4+ Kd7 29. h4 Rxb2 30. Bh3+ Kc7 31. Re2 Rxe2 32. Kxe2 Ra3 33. Kf2 Bxf4 34. gxf4 Rxh3 35. Rg1 Rxh4 36. Rxg7+ Kd6 37. Kg3 Rh1 38. Rxb7 Rb1 39. Rf7 Kxd5 40. Rxf6 h5 41. Rf5+ Kd4 42. Rxh5 Rb2 43. a4 Ra2 44. Rb5 Rxa4 45. Rxb6 Kd5 46. Kg4 Ra1 47. Kg5 Rg1+ 48. Kf6 Rf1 49. f5 Rh1 50. Kg6 Rg1+ 51. Kf7 Kc5 52. Ra6 Kd5 53. f6 Re1 54. Kg8 Rg1+ 55. Kf8 Rf1 56. f7 Re1 57. Rg6 Rf1 58. Kg8 1-0


[Site "https://www.chess.com"]

[Event "Titled Tuesday Blitz February 01 A 2022"]
[White "Hansen, Eric"]
[Black "Bluebaum, Matthias"]
[WhiteFideId "2606771"]
[BlackFideId "24651516"]
[WhiteElo "2970"]
[BlackElo "2864"]
[Result "1-0"]
[Round "08"]
[TimeControl "180+1"]
[Date "2022.02.01"]
[WhiteClock "0:00:23"]
[BlackClock "0:00:04"]

1. Nf3 d5 2. g3 Bg4 3. Bg2 e6 4. O-O Nf6 5. c4 c6 6. Qb3 Qc8 7. Nc3 Be7 8. h3 Bh5 9. d4 O-O 10. Bf4 Nbd7 11. Rac1 Nb6 12. cxd5 exd5 13. Ne5 Nfd7 14. Nxd5 Nxd5 15. Bxd5 Nxe5 16. Bxe5 Qxh3 17. Bg2 Qd7 18. e4 Kh8 19. d5 cxd5 20. Rc7 Qd8 21. Qxd5 Qxd5 22. exd5 Bf6 23. f4 Rab8 24. d6 Bg4 25. Rxb7 Rxb7 26. Bxb7 Rb8 27. Bd5 Rb5 28. Bxf7 h6 29. Bc4 Rc5 30. b3 Bxe5 31. fxe5 Rxe5 32. Rf8+ Kh7 33. Bd3+ g6 34. Rf7+ Kg8 35. Bc4 Kh8 36. d7 Re1+ 37. Kf2 Rd1 38. Rf8+ Kg7 39. d8=Q Rxd8 40. Rxd8 1-0


[Site "https://www.chess.com"]

[Event "Titled Tuesday Blitz February 01 A 2022"]
[White "Hayrapetyan, Hovik"]
[Black "Deac, Bogdan-Daniel"]
[WhiteFideId "13302639"]
[BlackFideId "1226380"]
[WhiteElo "2819"]
[BlackElo "3028"]
[Result "0-1"]
[Round "08"]
[TimeControl "180+1"]
[Date "2022.02.01"]
[WhiteClock "0:00:11"]
[BlackClock "0:00:05"]

1. d4 Nf6 2. c4 g6 3. Nc3 d5 4. Nf3 Bg7 5. Bg5 c5 6. dxc5 Qa5 7. cxd5 Ne4 8. Bd2 Nxd2 9. Qxd2 Qxc5 10. Rc1 O-O 11. e4 Nd7 12. Be2 Qa5 13. O-O Nf6 14. Nd4 Nxe4 15. Nxe4 Qxd2 16. Nxd2 Bxd4 17. Rc7 Bxb2 18. Rxe7 Ba3 19. Rc7 Bd6 20. Rc4 f5 21. Rb1 Rd8 22. Nf3 b6 23. Nd4 Ba6 24. Rc2 Bxe2 25. Nxe2 Rac8 26. Rbc1 Rxc2 27. Rxc2 Bb4 28. h4 Rxd5 29. Rc8+ Bf8 30. Nf4 Re5 31. Ra8 Re7 32. Nd5 Rf7 33. Nf4 Re7 34. Nd5 Rb7 35. h5 gxh5 36. Nf6+ Kf7 37. Nxh5 Bd6 38. f3 Kg6 39. g4 fxg4 40. fxg4 Kg5 41. Rg8+ Kh4 42. Kg2 Rc7 43. Nf6 Be5 44. Ne4 Rg7 45. Re8 Rxg4+ 46. Kf3 Ba1 47. Re7 h5 48. Rxa7 Be5 49. Rh7 Bd4 50. Nd6 Bg1 51. Nf5+ Kg5 52. Ng3 Rf4+ 53. Kg2 Bc5 54. Rxh5+ Kg4 55. Rh7 Rf2+ 56. Kh1 Kxg3 57. Rg7+ Kf3 58. Rf7+ Ke2 59. Rh7 Kf1 60. Rh3 Rxa2 61. Rf3+ Ke2 62. Rb3 Ra1+ 63. Kg2 Ra4 64. Kh3 Rf4 65. Rb2+ Kd3 66. Rb3+ Kc4 67. Rb1 Rf8 68. Kg4 Kd5 69. Rd1+ Kc6 0-1


[Site "https://www.chess.com"]

[Event "Titled Tuesday Blitz February 01 A 2022"]
[White "Indjic, Aleksandar"]
[Black "Mladenovic, Stefan"]
[WhiteFideId "911925"]
[BlackFideId "942227"]
[WhiteElo "2858"]
[BlackElo "2619"]
[Result "1-0"]
[Round "08"]
[TimeControl "180+1"]
[Date "2022.02.01"]
[WhiteClock "0:01:25"]
[BlackClock "0:00:01"]

1. d4 Nf6 2. Nf3 e6 3. Bg5 Be7 4. c4 b6 5. Nc3 Bb7 6. Qc2 d6 7. e4 Nbd7 8. O-O-O h6 9. Bf4 g5 10. Bd2 e5 11. d5 a5 12. h3 Nc5 13. Be3 Ba6 14. Nd2 Qd7 15. Be2 Rb8 16. Kb1 Bd8 17. Nf1 c6 18. Ng3 cxd5 19. exd5 Rc8 20. Nf5 Be7 21. g4 b5 22. cxb5 Bb7 23. Bc4 Bd8 24. f3 Be7 25. h4 Rg8 26. hxg5 hxg5 27. Rh6 e4 28. Bd4 Rg6 29. Rh8+ Ng8 30. fxe4 Kd8 31. b6 Rb8 32. Bb5 Qc8 33. e5 Ba6 34. exd6 Bf8 35. Bc6 Rxb6 36. Bxc5 1-0


[Site "https://www.chess.com"]

[Event "Titled Tuesday Blitz February 01 A 2022"]
[White "Jobava, Baadur"]
[Black "Onyshchuk, Volodymyr"]
[WhiteFideId "13601520"]
[BlackFideId "14114038"]
[WhiteElo "2940"]
[BlackElo "2862"]
[Result "0-1"]
[Round "08"]
[TimeControl "180+1"]
[Date "2022.02.01"]
[WhiteClock "0:00:02"]
[BlackClock "0:00:38"]

1. b3 e5 2. Bb2 Nc6 3. Nf3 d6 4. d4 g6 5. dxe5 Bg7 6. Nc3 Nxe5 7. e4 Bg4 8. Be2 Bxf3 9. Bxf3 Ne7 10. O-O O-O 11. Be2 N5c6 12. Re1 d5 13. exd5 Nxd5 14. Qxd5 Qxd5 15. Nxd5 Bxb2 16. Rad1 Rad8 17. c3 Kg7 18. Bf3 Rd6 19. Rb1 Ba3 20. b4 a5 21. b5 Nd8 22. Nxc7 Rd2 23. Re2 Rxe2 24. Bxe2 Bd6 25. b6 Ne6 26. Nxe6+ fxe6 27. Bf3 Bc5 28. Rb5 Rf5 29. Kf1 Bd6 30. Rb2 Rf7 31. Ke2 a4 32. Kd3 a3 33. Rb5 Kf6 34. c4 Rd7 35. Kc2 Bf4 36. g3 Rd2+ 37. Kb3 Rd3+ 38. Ka4 Rxf3 39. gxf4 Rxf4 40. Rc5 Rxf2 41. Rc7 Rxa2 42. c5 Ra1 43. Rc8 a2 44. Ka3 e5 45. Kb2 Rb1+ 46. Kxa2 Rb5 47. Ka3 e4 48. Ka4 Rb1 49. Re8 Kf5 50. Re7 Kf4 51. Rxb7 e3 52. Rf7+ Ke4 53. Re7+ Kd3 54. Ka5 Kc4 55. Ka6 Kxc5 56. Re5+ Kd4 57. Re7 Kd3 58. Rxh7 e2 59. Rd7+ Ke3 60. Re7+ Kf2 61. Rf7+ Kg2 0-1


[Site "https://www.chess.com"]

[Event "Titled Tuesday Blitz February 01 A 2022"]
[White "Jones, Gawain C B"]
[Black "Neiksans, Arturs"]
[WhiteFideId "409561"]
[BlackFideId "11601388"]
[WhiteElo "2900"]
[BlackElo "2773"]
[Result "0-1"]
[Round "08"]
[TimeControl "180+1"]
[Date "2022.02.01"]
[WhiteClock "0:00:02"]
[BlackClock "0:00:09"]

1. Nf3 Nc6 2. e4 e5 3. Bc4 Nf6 4. d4 exd4 5. e5 d5 6. Bb5 Ne4 7. Nxd4 Bd7 8. Bxc6 bxc6 9. O-O Bc5 10. f3 Ng5 11. f4 Ne4 12. Be3 Bb6 13. Nd2 c5 14. N4b3 Nxd2 15. Qxd2 d4 16. Bf2 Bc6 17. f5 Qd5 18. Bh4 c4 19. Qg5 d3+ 20. Kh1 O-O 21. f6 g6 22. Rg1 Kh8 23. Nd2 Bxg1 24. Rxg1 dxc2 25. Qh6 Rg8 26. Nf3 Qxf3 27. gxf3 Bxf3+ 28. Rg2 Rad8 29. Kg1 Rd1+ 30. Kf2 c1=Q 31. Qxc1 Rxc1 32. Kxf3 Re8 33. Rd2 h6 34. Bg3 c3 35. bxc3 Rxc3+ 36. Ke4 Rc4+ 37. Kf3 Kg8 38. Rd7 g5 39. Ke3 a5 40. Kd3 Rc6 41. Kd4 a4 42. Kd5 Rc2 43. Ke4 Rxa2 44. Rxc7 a3 45. Ra7 Ra1 46. Kf5 a2 47. Kg4 Rf8 48. Kh5 Kh7 49. e6 Rf1 50. e7 Re8 51. Rxa2 Rxf6 52. Ra7 Re6 53. h4 R6xe7 54. Rxe7 Rxe7 55. hxg5 hxg5 56. Kxg5 Kg7 57. Kf5 Re6 58. Bh4 Ra6 59. Bd8 Rc6 60. Be7 Re6 61. Bh4 Re8 62. Bf6+ Kg8 63. Bh4 Ra8 64. Be1 Ra6 65. Bd2 f6 66. Bc3 Kf7 67. Be1 Rc6 68. Bf2 Rd6 69. Be3 Rd5+ 70. Ke4 Ke6 71. Bf4 Ra5 72. Bc7 Ra4+ 73. Ke3 Kf5 74. Bb8 Kg4 75. Bd6 f5 76. Bc7 f4+ 77. Ke2 Ra2+ 78. Kd3 Kf3 79. Bd6 Ra8 80. Bc7 Ra7 81. Bb8 Rd7+ 82. Kc4 Ke4 83. Kc5 f3 84. Kc6 Rd2 0-1


[Site "https://www.chess.com"]

[Event "Titled Tuesday Blitz February 01 A 2022"]
[White "Kamsky, Gata"]
[Black "Pranav, V"]
[WhiteFideId "2000024"]
[BlackFideId "25060783"]
[WhiteElo "2797"]
[BlackElo "2880"]
[Result "0-1"]
[Round "08"]
[TimeControl "180+1"]
[Date "2022.02.01"]
[WhiteClock "0:00:01"]
[BlackClock "0:00:42"]

1. e4 e5 2. Nf3 Nf6 3. Nxe5 Nc6 4. Nxc6 dxc6 5. d3 Bc5 6. Be2 h5 7. h3 Qd4 8. O-O Qe5 9. Nd2 Bxh3 10. Nf3 Qg3 11. Ne1 Ng4 12. Bxg4 hxg4 13. d4 Qh4 14. f4 g3 15. Rf3 Bg4 16. Kf1 Qh1+ 17. Ke2 Rh2 0-1


[Site "https://www.chess.com"]

[Event "Titled Tuesday Blitz February 01 A 2022"]
[White "Kobalia, Mikhail"]
[Black "Caruana, Fabiano"]
[WhiteFideId "4119150"]
[BlackFideId "2020009"]
[WhiteElo "2814"]
[BlackElo "2984"]
[Result "0-1"]
[Round "08"]
[TimeControl "180+1"]
[Date "2022.02.01"]
[WhiteClock "0:00:13"]
[BlackClock "0:00:21"]

1. e4 c6 2. d4 d5 3. exd5 cxd5 4. Bd3 Nc6 5. c3 e6 6. Bf4 Nge7 7. Nd2 f6 8. Qh5+ g6 9. Qe2 Bg7 10. Ngf3 g5 11. Bg3 h5 12. h4 g4 13. Nh2 e5 14. Nhf1 e4 15. Bb5 O-O 16. Bf4 Ng6 17. Be3 f5 18. Bg5 Qb6 19. Ne3 Be6 20. g3 f4 21. gxf4 Nxf4 22. Bxf4 Rxf4 23. O-O-O Raf8 24. Rh2 Ne7 25. Kb1 Ng6 26. Ba4 R4f7 27. Bb3 Nf4 28. Qf1 a6 29. Qh1 Rd8 30. Ndf1 Qd6 31. Ng3 b5 32. Qf1 Rdf8 33. Rd2 Bh6 34. a3 Nh3 35. Qe1 Nxf2 36. Rg2 Nd3 37. Rxd3 exd3 38. Nxh5 Kh8 39. Ka2 Rf3 40. Nxg4 d2 41. Qd1 Rf1 42. Qe2 Re1 43. Qd3 Bf5 0-1


[Site "https://www.chess.com"]

[Event "Titled Tuesday Blitz February 01 A 2022"]
[White "Lenderman, Aleksandr"]
[Black "Daneshvar, Bardiya"]
[WhiteFideId "2021285"]
[BlackFideId "12576468"]
[WhiteElo "2873"]
[BlackElo "2751"]
[Result "0-1"]
[Round "08"]
[TimeControl "180+1"]
[Date "2022.02.01"]
[WhiteClock "0:00:17"]
[BlackClock "0:00:05"]

1. d4 d5 2. c4 c6 3. cxd5 cxd5 4. Nf3 Nc6 5. Nc3 Nf6 6. Bf4 Nh5 7. Bd2 Nf6 8. Rc1 Bf5 9. e3 e6 10. Qb3 Rb8 11. Bb5 Bd6 12. Qa4 O-O 13. O-O Ne4 14. Rfd1 Bg4 15. Kf1 Qf6 16. Be2 Bxf3 17. gxf3 Nxd2+ 18. Rxd2 Qh4 19. f4 Qxh2 20. Bf3 Qh4 21. Ke2 a6 22. Rh1 Qf6 23. Rdd1 g6 24. Rh3 Kg7 25. Rdh1 Rh8 26. Qd1 b5 27. Kf1 Ne7 28. Ne2 Rbc8 29. Nc1 Nf5 30. Nd3 Rc7 31. Bg4 h5 32. Bxh5 gxh5 33. Rxh5 Rxh5 34. Qxh5 Kf8 35. Rg1 Rc8 36. Ne5 Ke7 37. Ke2 Bxe5 38. dxe5 Qh8 39. Qg5+ Kd7 40. Kd2 Qf8 41. Kd1 Qc5 42. Ke2 Qc2+ 43. Kf1 Qe4 44. Qh5 Rc1+ 45. Ke2 Rxg1 46. Qxf7+ Ne7 47. f5 Qc2+ 48. Kf3 Qxf5+ 49. Qxf5 Nxf5 0-1


[Site "https://www.chess.com"]

[Event "Titled Tuesday Blitz February 01 A 2022"]
[White "Lin, Dachey"]
[Black "Kopylov, Alexander A."]
[WhiteFideId "2029650"]
[BlackFideId "4164857"]
[WhiteElo "2674"]
[BlackElo "2436"]
[Result "1-0"]
[Round "08"]
[TimeControl "180+1"]
[Date "2022.02.01"]
[WhiteClock "0:00:11"]
[BlackClock "0:00:41"]

1. g4 e5 2. d4 exd4 3. Qxd4 Nc6 4. Qe4+ Nge7 5. Bg2 d5 6. Qa4 Be6 7. Nf3 Qd7 8. h3 O-O-O 9. Nc3 Kb8 10. Bf4 Ng6 11. Bg3 Bd6 12. Bxd6 Qxd6 13. O-O-O Qf4+ 14. Qxf4 Nxf4 15. Bf1 h5 16. g5 Bf5 17. e3 Ne6 18. h4 d4 19. exd4 Ncxd4 20. Nxd4 Nxd4 21. Bd3 Bxd3 22. Rxd3 Nf5 23. Rf3 g6 24. Ne4 Rd4 25. Ng3 Rxh4 26. Rxh4 Nxh4 27. Rxf7 Ng2 28. Nxh5 b6 29. Nf4 Nxf4 30. Rxf4 Rh5 31. Rf8+ Kb7 32. f4 Rh2 33. Rf6 Rf2 34. b3 c5 35. a4 a6 36. Kb2 b5 37. axb5 axb5 38. Kc3 Rf3+ 39. Kd2 Kc7 40. Ke2 Rc3 41. Rxg6 Rxc2+ 42. Kd3 Rf2 43. Ke4 c4 44. bxc4 bxc4 45. Rh6 c3 46. Rh3 c2 47. Rc3+ Kd6 48. Kf5 Kd5 49. g6 Kd4 50. Rc8 Ke3 51. Rc4 Kd3 52. Rxc2 Rxc2 53. g7 Rc3 54. g8=Q 1-0


[Site "https://www.chess.com"]

[Event "Titled Tuesday Blitz February 01 A 2022"]
[White "Maevsky, Nikolay"]
[Black "Postny, Evgeny"]
[WhiteFideId "4198220"]
[BlackFideId "2804344"]
[WhiteElo "2104"]
[BlackElo "2483"]
[Result "0-1"]
[Round "08"]
[TimeControl "180+1"]
[Date "2022.02.01"]
[WhiteClock "0:00:01"]
[BlackClock "0:00:12"]

1. d4 Nf6 2. Nf3 c5 3. d5 g6 4. c4 Bg7 5. Nc3 d6 6. e4 Bg4 7. Be2 O-O 8. O-O Na6 9. Bf4 Nd7 10. h3 Bxf3 11. Bxf3 Nc7 12. Be2 a6 13. a4 b6 14. Qd2 Re8 15. Rfe1 Bd4 16. Bf1 e5 17. dxe6 Nxe6 18. Bxd6 Ne5 19. Bxe5 Bxe5 20. Nd5 Nd4 21. Ra3 Bg7 22. f4 Qh4 23. g3 Qd8 24. Bg2 b5 25. axb5 axb5 26. Rxa8 Qxa8 27. Nc7 Qd8 28. Nd5 bxc4 29. e5 Qb8 30. Qc3 Bxe5 31. fxe5 Rxe5 32. Nf6+ Kg7 33. Nd7 Rxe1+ 34. Qxe1 Qxb2 35. Qe5+ Kh6 36. Qf4+ Kg7 37. Qf6+ Kh6 38. Qxf7 Ne2+ 39. Kh2 Qd4 40. Qf8+ Qg7 41. Qxg7+ Kxg7 42. Nxc5 Kf6 43. Ne4+ Ke5 44. Nd2 c3 45. Nb3 c2 46. Bf3 Nd4 47. Nc1 Nxf3+ 48. Kg2 Ke4 49. Kf2 Nd4 50. Ke1 Ke3 51. h4 h5 52. g4 hxg4 0-1


[Site "https://www.chess.com"]

[Event "Titled Tuesday Blitz February 01 A 2022"]
[White "Maksimovic, Bojan"]
[Black "Kravtsiv, Martyn"]
[WhiteFideId "14408120"]
[BlackFideId "14113147"]
[WhiteElo "2716"]
[BlackElo "2860"]
[Result "0-1"]
[Round "08"]
[TimeControl "180+1"]
[Date "2022.02.01"]
[WhiteClock "0:00:01"]
[BlackClock "0:00:30"]

1. e4 e5 2. Nf3 Nc6 3. Bb5 a6 4. Ba4 Nf6 5. O-O b5 6. Bb3 Be7 7. Re1 O-O 8. a4 b4 9. d3 d6 10. Nbd2 Na5 11. Ba2 c5 12. Nc4 Nc6 13. c3 Rb8 14. Bd2 Be6 15. Ng5 Bg4 16. Nf3 Be6 17. Ng5 Bg4 18. Nf3 bxc3 19. bxc3 Qd7 20. h3 Bh5 21. Ne3 Rb2 22. Bc1 Rb7 23. Nf5 Rfb8 24. Ng3 Bg6 25. Nh4 Na5 26. Nhf5 Nb3 27. Rb1 Nxc1 28. Rxb7 Qxb7 29. Qxc1 Bf8 30. Bc4 a5 31. Bb5 Rd8 32. Qg5 d5 33. exd5 Qxd5 34. Bc4 Qd7 35. Rxe5 Qxa4 36. Nh6+ gxh6 37. Qxf6 Re8 38. Rxe8 Qxe8 39. Nf5 a4 40. h4 h5 41. g3 a3 42. Kh2 a2 43. Bxa2 Qe2 44. Bxf7+ Bxf7 0-1


[Site "https://www.chess.com"]

[Event "Titled Tuesday Blitz February 01 A 2022"]
[White "Nakamura, Hikaru"]
[Black "Martinez Alcantara, Jose Eduardo"]
[WhiteFideId "2016192"]
[BlackFideId "3805662"]
[WhiteElo "3217"]
[BlackElo "3008"]
[Result "1-0"]
[Round "08"]
[TimeControl "180+1"]
[Date "2022.02.01"]
[WhiteClock "0:00:22"]
[BlackClock "0:00:01"]

1. Nf3 Nf6 2. b3 g6 3. Bb2 Bg7 4. d4 O-O 5. e3 b6 6. Be2 Bb7 7. O-O c5 8. c4 cxd4 9. Nxd4 d6 10. Bf3 Qc8 11. Nc3 a6 12. Rc1 e6 13. Bxb7 Qxb7 14. Qe2 Nbd7 15. Rfd1 Nc5 16. b4 Ncd7 17. Nb3 Qc7 18. b5 Rfc8 19. bxa6 Qxc4 20. Qxc4 Rxc4 21. Rxd6 Bf8 22. Rd3 Rxa6 23. Rcd1 Ra7 24. h3 Be7 25. a4 Ne5 26. Rd4 Rxd4 27. Nxd4 Rd7 28. Rb1 Nc4 29. Bc1 e5 30. Nde2 Bc5 31. Kf1 h5 32. Ng3 Nd6 33. Ke2 h4 34. Nf1 Nde4 35. Nb5 Nd5 36. Bb2 f6 37. Rd1 Bb4 38. f3 Nc5 39. Ra1 Nb3 40. Rd1 Nc5 41. Ra1 Kf7 42. Bc1 Ba5 43. Bd2 Nb3 44. Rd1 Bxd2 45. Nxd2 Nxd2 46. Rxd2 Ke6 47. Rc2 Ne7 48. Rc4 Kf7 49. Rxh4 Rd5 50. Rh7+ Kf8 51. Rh8+ Kf7 52. Rb8 Rc5 53. Rxb6 Rc2+ 54. Kd3 Rxg2 55. a5 Ra2 56. a6 Nd5 57. Rb7+ Kf8 58. a7 Nb4+ 59. Kc4 Nc6 60. Rb8+ Ke7 61. a8=Q 1-0


[Site "https://www.chess.com"]

[Event "Titled Tuesday Blitz February 01 A 2022"]
[White "Nesterov, Arseniy"]
[Black "Pakleza, Zbigniew"]
[WhiteFideId "24198455"]
[BlackFideId "1119290"]
[WhiteElo "2898"]
[BlackElo "2769"]
[Result "1-0"]
[Round "08"]
[TimeControl "180+1"]
[Date "2022.02.01"]
[WhiteClock "0:00:05"]
[BlackClock "0:00:02"]

1. d4 d6 2. c4 e5 3. d5 Be7 4. Nf3 f5 5. Nc3 Nf6 6. e4 Nxe4 7. Nxe4 fxe4 8. Nd2 Bf5 9. Qc2 Bg5 10. Nxe4 Bxc1 11. Rxc1 O-O 12. Bd3 Qh4 13. O-O Na6 14. g3 Qh6 15. a3 Bxe4 16. Bxe4 Nc5 17. Bg2 a5 18. b4 axb4 19. axb4 Na6 20. Qc3 Qf6 21. c5 e4 22. Bxe4 Qxc3 23. Rxc3 Nxb4 24. cxd6 cxd6 25. Rb1 Na6 26. Rxb7 Nc5 27. Re7 Ra2 28. Bf3 Rf7 29. Rce3 Rxe7 30. Rxe7 Nd3 31. Be2 Ra1+ 32. Kg2 Ne1+ 33. Kh3 Ra2 34. f4 h6 35. Bh5 Kf8 36. Re8# 1-0


[Site "https://www.chess.com"]

[Event "Titled Tuesday Blitz February 01 A 2022"]
[White "Orozbaev, Eldiar"]
[Black "Wagner, Dennis"]
[WhiteFideId "13802240"]
[BlackFideId "24650684"]
[WhiteElo "2050"]
[BlackElo "2355"]
[Result "1-0"]
[Round "08"]
[TimeControl "180+1"]
[Date "2022.02.01"]
[WhiteClock "0:01:54"]
[BlackClock "0:00:23"]

1. e4 e5 2. Nf3 Nc6 3. d4 exd4 4. c3 d5 5. exd5 Qxd5 6. cxd4 Bb4+ 7. Nc3 Bg4 8. Be2 Bxf3 9. Bxf3 Qc4 10. Bxc6+ bxc6 11. Qe2+ Qxe2+ 12. Kxe2 O-O-O 13. Be3 Ne7 14. a3 Ba5 15. b4 Bb6 16. Rhd1 Nf5 17. d5 Rhe8 18. dxc6 Nxe3 19. Rxd8+ Kxd8 20. fxe3 Rxe3+ 21. Kd2 Re6 22. b5 Rh6 23. h3 Rg6 24. g4 h5 25. gxh5 Rg2+ 26. Kd3 Rg3+ 27. Kc4 Rxh3 28. Rd1+ Ke8 29. Rd7 Rh4+ 30. Kd3 Rxh5 31. Nd5 Rh3+ 32. Ke4 Rxa3 33. Nxc7+ Bxc7 34. Rxc7 Ra4+ 35. Kd5 Rb4 36. Rb7 Rb1 37. Rb8+ Ke7 38. c7 Rd1+ 39. Ke4 Re1+ 40. Kf3 Rc1 41. c8=Q Rxc8 42. Rxc8 Kd6 43. Ra8 Kc5 44. Rxa7 Kxb5 45. Rxf7 g5 46. Rf5+ 1-0


[Site "https://www.chess.com"]

[Event "Titled Tuesday Blitz February 01 A 2022"]
[White "Paravyan, David"]
[Black "Vasquez Schroeder, Rodrigo"]
[WhiteFideId "4194985"]
[BlackFideId "3400042"]
[WhiteElo "3036"]
[BlackElo "2867"]
[Result "1/2-1/2"]
[Round "08"]
[TimeControl "180+1"]
[Date "2022.02.01"]
[WhiteClock "0:01:04"]
[BlackClock "0:02:19"]

1. e4 c6 2. d4 d5 3. e5 Bf5 4. Bd3 Bxd3 5. Qxd3 e6 6. Ne2 Qa5+ 7. Nd2 Qa6 8. c4 Bb4 9. Qg3 Ne7 10. Qxg7 Rg8 11. Qxh7 Qxc4 12. Kf1 Bxd2 13. Bxd2 Nd7 14. b3 Qb5 15. h4 Nf8 16. Qc2 Nf5 17. Qc5 Qxc5 18. dxc5 Nd7 19. h5 Nxc5 20. f3 Nd7 21. g4 Ne7 22. Bf4 Kf8 23. Bh6+ Ke8 24. Bf4 Kf8 25. Bh6+ Ke8 26. Bf4 Kf8 1/2-1/2


[Site "https://www.chess.com"]